 Dungeon Crawl Stone Soup version 0.29-a0-1023-g6ae1a4a2c7 (webtiles) character file.

Game seed: 11348809609636268215

523 Araneus the Cudgeller (level 7, -2/52 HPs)
             Began as a Demonspawn Fighter on Aug 11, 2022.
             Was a Follower of Okawaru.
             Slain by a bullfrog zombie (3 damage)
             ... in an ossuary.
             The game lasted 00:08:50 (4036 turns).

Araneus the Cudgeller (Demonspawn Fighter)          Turns: 4036, Time: 00:08:51

Health: -2/52      AC:  7    Str: 18    XL:     7   Next: 2%
Magic:  8/8        EV:  9    Int:  9    God:    Okawaru [*.....]
Gold:   197        SH:  5    Dex: 13    Spells: 6/6 levels left

rFire   . . .      SeeInvis .   a - +0 flail
rCold   . . .      Faith    .   c - +0 buckler
rNeg    . . .      Spirit   .   b - +0 scale mail
rPois   .          Reflect  .   h - +0 helmet
rElec   .          Harm     .   (no cloak)
rCorr   .          Rampage  .   (no gloves)
Will    .....                   (no boots)
Stlth   ..........              (no amulet)
HPRegen 0.17/turn               (no ring)
MPRegen 0.11/turn               (no ring)

@: mighty
A: demonic magic 2, demonic touch 2
a: Renounce Religion, Heroism


You were in an ossuary.
You worshipped Okawaru.
Okawaru was aware of your devotion.
You visited 2 branches of the dungeon, and saw 5 of its levels.
You also visited: Ossuary.

You collected 197 gold pieces.

Inventory:

Hand Weapons
 a - a +0 flail (weapon)
Armour
 b - a +0 scale mail (worn)
 c - a +0 buckler (worn)
 h - a +0 helmet (worn)
Wands
 o - a wand of paralysis (3)
Scrolls
 f - a scroll of vulnerability
 i - 2 scrolls of poison {unknown}
 j - a scroll of blinking {unknown}
 l - 3 scrolls of identify {unknown}
 q - a scroll of teleportation {unknown}
 r - a scroll of amnesia {unknown}
 t - a scroll of fog {unknown}
Potions
 d - a potion of might
 k - 3 potions of curing
 m - a potion of flight {unknown}
 n - a potion of degeneration {unknown}
 p - a potion of berserk rage {unknown}
 s - 3 potions of heal wounds {unknown}
 u - a potion of haste {unknown}


   Skills:
 - Level 3.0 Fighting
 + Level 6.0 Maces & Flails
 - Level 2.6 Armour
 - Level 4.0 Shields
 * Level 2.3 Invocations


You had 6 spell levels left.
You didn't know any spells.
Your spell library contained the following spells:

 Spells                   Type           Power      Damage    Failure   Level
 Apportation              Tloc           0%         N/A       86%         1
 Necrotise                Necr           0%         1d4       86%         1
 Summon Small Mammal      Summ           Unusable   N/A       N/A         1

Dungeon Overview and Level Annotations

Branches:
Dungeon (4/15)             Temple (1/1) D:4         Ossuary (1/1)

Altars:
Cheibriados
Dithmenos
Fedhas
Gozag
Hepliaklqana
Kikubaaqudgha
Nemelex Xobeh
Okawaru
Sif Muna
Trog
Uskayaw
Vehumet
Xom
Yredelemnul


Innate Abilities, Weirdness & Mutations

Spells you cast may paralyse nearby enemies.
Your touch may inflict irresistible damage on your foes.


Message History

You hit the bog mummy.
The bog mummy is heavily damaged.
The howler monkey zombie hits you but does no damage.
The bog mummy points at you and mumbles some strange words.
The puff of frost hits you!
* * * LOW HITPOINT WARNING * * *
You feel better.
The howler monkey zombie barely misses you.
A killer bee zombie comes into view.
You feel very mighty all of a sudden. The howler monkey zombie misses you.
The bog mummy hits you!
* * * LOW HITPOINT WARNING * * *
You sock the bog mummy!
You destroy the bog mummy!
Okawaru accepts your kill.
The howler monkey zombie barely misses you.
The howler monkey zombie hits you.
* * * LOW HITPOINT WARNING * * *
Your Maces & Flails skill increases to level 6!
You sock the howler monkey zombie!
The howler monkey zombie is severely damaged.
A bullfrog zombie comes into view.
The howler monkey zombie barely misses you.
A bog mummy comes into view.
You sock the howler monkey zombie!
You destroy the howler monkey zombie!
Okawaru accepts your kill. You block the bullfrog zombie's attack.
You have reached level 7!
Your demonic ancestry asserts itself...
Your hands glow brighter with unholy energy.
You sock the bullfrog zombie!
The bullfrog zombie is moderately damaged.
The bullfrog zombie hits you.
* * * LOW HITPOINT WARNING * * *
You closely miss the bullfrog zombie.
The bullfrog zombie is moderately damaged.
The bullfrog zombie hits you but does no damage.
The bullfrog zombie hits you.
You die...

##### #∩..#
#.∩.# #@..#
##Z##
~~~~~M~Z~M...#
.~.≈.#~~.#~#Z#
.#.~ #.~.~ #
## #~#### ≈# #


You could see a bog mummy, a bullfrog zombie and a killer bee zombie.

Vanquished Creatures
  A wyvern zombie (Ossuary)
  A scorpion (D:4)
  A bullfrog zombie (Ossuary)
  7 mummies (Ossuary)
  An iguana (D:4)
  Ijyb (D:3)
  A howler monkey zombie (Ossuary)
  Robin (D:4)
  3 gnolls (D:2)
  A worm (D:2)
  A dart slug (D:3)
  7 bats
  5 endoplasms
  3 giant cockroaches
  21 goblins
  6 hobgoblins
  11 jackals
  2 quokkas
  10 ball pythons
  5 frilled lizards
  6 kobolds
  8 rats
103 creatures vanquished.

Vanquished Creatures (others)
  8 withered plants (Ossuary)
8 creatures vanquished.

Grand Total: 111 creatures vanquished

Notes
Turn   | Place    | Note
-------+----------+-------------------------------------------
     0 | D:1      | Araneus the Demonspawn Fighter began the quest for the Orb.
     0 | D:1      | Reached XP level 1. HP: 18/18 MP: 1/1
   195 | D:1      | Reached skill level 2 in Maces & Flails
   356 | D:1      | Gained mutation: Your touch may inflict minor irresistible
                  | damage on your foes. [demonic ancestry]
   356 | D:1      | Reached XP level 2. HP: 23/24 MP: 2/2
  1312 | D:2      | Reached XP level 3. HP: 29/29 MP: 3/3
  1508 | D:2      | Found a faded altar of an unknown god.
  1597 | D:2      | Reached skill level 3 in Maces & Flails
  1603 | D:2      | Gained mutation: Spells you cast may paralyse adjacent
                  | enemies. [demonic ancestry]
  1603 | D:2      | Reached XP level 4. HP: 9/35 MP: 4/4
  2336 | D:3      | Noticed Ijyb
  2353 | D:3      | Paralysed by Ijyb for 2 turns
  2358 | D:3      | Killed Ijyb
  2921 | D:3      | Found a radiant altar of Vehumet.
  2930 | D:3      | Found a sparkling altar of Nemelex Xobeh.
  3174 | D:3      | Gained mutation: Spells you cast may paralyse nearby
                  | enemies. [demonic ancestry]
  3174 | D:3      | Reached XP level 5. HP: 41/41 MP: 5/5
  3276 | D:4      | Noticed Robin
  3287 | D:4      | Reached skill level 4 in Maces & Flails
  3304 | D:4      | Killed Robin
  3372 | D:4      | Found a staircase to the Ecumenical Temple.
  3381 | Temple   | Entered the Ecumenical Temple
  3433 | Temple   | Became a worshipper of Warmaster Okawaru
  3548 | D:4      | Found a sand-covered staircase.
  3557 | Ossuary  | Entered an ossuary
  3574 | Ossuary  | Reached skill level 5 in Maces & Flails
  3574 | Ossuary  | Reached XP level 6. HP: 35/47 MP: 6/6
  3586 | Ossuary  | Reached skill level 1 in Invocations
  3922 | Ossuary  | Reached * piety under Okawaru
  4032 | Ossuary  | HP: 2/47 [howler monkey zombie (4)]
  4033 | Ossuary  | Reached skill level 6 in Maces & Flails
  4035 | Ossuary  | Gained mutation: Your touch may inflict irresistible damage
                  | on your foes. [demonic ancestry]
  4035 | Ossuary  | Reached XP level 7. HP: 2/52 MP: 8/8
  4036 | Ossuary  | Slain by a bullfrog zombie

Illustrated notes

Levels and vault maps discovered:
D:1:      dpeg_cavernosity, layout_loops_ring
D:2:      layout_rooms, shapermc_ecumenical_altar_mp_ritualfount,
          grunt_ministairs_5
D:3:      kennysheep_goblin_castle, layout_basic,
          amethyst_overflow_temple_binary, serial_bayou_crossing
D:4:      layout_loops_ring, minmay_temple_entry_nine_rooms,
          nicolae_ossuary_entry_monument, uniq_robin
Temple:   jpeg_temple_clearing
Ossuary:  ossuary_zaba_flooded

Skill      XL: |  1  2  3  4  5  6 |
---------------+-------------------+-----
Maces & Flails | 2 3 5 6 |  6.0
Shields        | 3 4 |  4.0
Invocations    | 2 |  2.3
Fighting       | |  3.0
Armour         | |  2.6

Action                   |  1- 3 |  4- 6 |  7- 9 || total
-------------------------+-------+-------+-------++-------
Melee: Flail             |   103 |   204 |     2 ||   309
Evoke: Wand              |       |     1 |       ||     1
  Use: Potion            |     1 |     2 |       ||     3
       Scroll            |       |     3 |       ||     3
Armor: Scale mail        |    57 |    76 |     1 ||   134
Dodge: Dodged            |    42 |    94 |       ||   136
Block: Buckler           |    27 |    43 |       ||    70

Table legend: (Time is in decaauts)
 A = Elapsed time spent in this place.
 B = Non-inter-level travel time spent in this place.
 C = Inter-level travel time spent in this place.
 D = Time resting spent in this place.
 E = Time spent auto-exploring this place.
 F = Levels seen in this place.
 G = Mean time per level.
                   A        B        C        D        E       F      G
               +--------+--------+--------+--------+--------+-----+--------+
         Total |   4144 |   3991 |    153 |     97 |   3122 |   6 |  690.7 |
       Dungeon |   3511 |   3385 |    126 |      0 |   2732 |   4 |  877.8 |
        Temple |    126 |     99 |     27 |      0 |     85 |   1 |  126.0 |
       Ossuary |    506 |    506 |      0 |     97 |    304 |   1 |  506.0 |
               +--------+--------+--------+--------+--------+-----+--------+

Top non-repeatable levels by time:
     D:3: 1127 daAuts
     D:2: 1115 daAuts
     D:1: 1087 daAuts
 Ossuary: 506 daAuts
     D:4: 180 daAuts
  Temple: 126 daAuts
